 Dungeon Crawl Stone Soup version 0.30.1 (webtiles) character file.

Game seed: 4019388663250756998

23 Sabo the Trooper (level 2, -4/24 HPs)
             Began as a Demonspawn Berserker on July 9, 2023.
             Was a Follower of Trog.
             Succumbed to Robin's poison
             ... on level 2 of the Dungeon.
             The game lasted 00:03:53 (832 turns).

Sabo the Trooper (Demonspawn Berserker)              Turns: 832, Time: 00:03:54

Health: -4/24      AC:  5    Str: 17    XL:     2   Next: 72%
Magic:  2/2        EV: 12    Int:  8    God:    Trog [*.....]
Gold:   44         SH:  0    Dex: 14    Spells: 1/1 levels left

rFire   . . .        b - +4 dagger
rCold   . . .        (no shield)
rNeg    . . .        d - +0 leather armour
rPois   .            (no helmet)
rElec   .            (no cloak)
rCorr   .            c - +0 pair of gloves
SInv    .            j - +0 pair of boots
Will    .....        (no amulet)
Stlth   ++           (no ring)
HPRegen 0.24/turn    (no ring)
MPRegen 0.08/turn

%: no passive effects
@: lethally poisoned (-4 -> -24)
A: thin skeletal structure 1
a: Renounce Religion, Berserk


You were on level 2 of the Dungeon.
You worshipped Trog.
Trog was aware of your devotion.
You visited 1 branch of the dungeon, and saw 2 of its levels.

You collected 44 gold pieces.

Inventory:

Hand Weapons
 a - a +0 hand axe
 b - a +4 dagger (weapon)
 i - a +0 sling
Armour
 c - a +0 pair of gloves (worn)
 d - a +0 leather armour (worn)
 j - a +0 pair of boots (worn)
Scrolls
 e - a scroll of teleportation {unknown}
 f - a scroll of identify {unknown}
 g - a scroll of enchant weapon {unknown}
 h - a scroll of blinking {unknown}
Potions
 k - a potion of haste {unknown}


   Skills:
 + Level 3.3 Fighting
 + Level 0.2 Short Blades
 + Level 3.0 Axes
 + Level 2.0 Armour
 + Level 2.0 Dodging


You had one spell level left.
You didn't know any spells.
Your spell library was empty.

Dungeon Overview and Level Annotations

Branches:
Dungeon (2/15)

Altars:

Annotations:
D:2 Robin


Innate Abilities, Weirdness & Mutations

You have a somewhat thin skeletal structure. (Dex +2, Stealth+)


Message History

A goblin comes into view. It is wielding a +0 club.
You puncture the goblin!
You kill the goblin!
Trog accepts your kill. The goblin closely misses you.
You barely miss the goblin. The goblin barely misses you.
The goblin closely misses you.
You hit the goblin.
The goblin is heavily wounded.
The goblin closely misses you. The goblin hits you but does no damage.
You hit the goblin.
You kill the goblin!
Trog accepts your kill. The goblin barely misses you.
You miss the goblin. The goblin hits you with a +0 dagger.
The goblin hits you but does no damage.
You hit the goblin.
You kill the goblin!
Trog accepts your kill. The goblin barely misses you.
Robin says, "My goblins will feast on your bones."
Your Dodging skill increases to level 2!
You barely miss Robin. The goblin closely misses you.
Robin hits you but does no damage.
You barely miss Robin. The goblin hits you with a +0 club.
* * * LOW HITPOINT WARNING * * *
Robin hits you with a +0 short sword of venom.
* * * LOW HITPOINT WARNING * * *
You are lethally poisoned!
You hit Robin.
Robin is lightly wounded.
* * * LOW HITPOINT WARNING * * *
You feel very sick. The goblin hits you with a +0 club.
* * * LOW HITPOINT WARNING * * *
Robin hits you but does no damage.
You are more poisoned.
You hit Robin.
Robin is moderately wounded.
You die...

# #.##
..gg.
#.g..####
#gg...#
##..#g#
.....#@#
.....!.#g#
..b....#<#
.......###
.......
.....r#


You could see Robin and a goblin (strong).

Vanquished Creatures
  2 bats (D:1)
  An endoplasm (D:1)
  4 goblins (D:2)
  3 hobgoblins
  3 quokkas (D:1)
  4 ball pythons
  A kobold (D:1)
18 creatures vanquished.

Notes
Turn   | Place    | Note
-------+----------+-------------------------------------------
     0 | D:1      | Sabo the Demonspawn Berserker began the quest for the Orb.
     0 | D:1      | Reached XP level 1. HP: 18/18 MP: 1/1
   444 | D:1      | Gained mutation: You have a somewhat thin skeletal
                  | structure. (Dex +2, Stealth+) [demonic ancestry]
   444 | D:1      | Reached XP level 2. HP: 24/24 MP: 2/2
   796 | D:2      | Noticed Robin
   831 | D:2      | HP: 1/24 [goblin/+0 club[Robin] (1)]
   832 | D:2      | Succumbed to Robin's poison

Illustrated notes

Levels and vault maps discovered:
D:1:      dpeg_arrival_solitude, layout_basic
D:2:      layout_basic, st_stairs_2, uniq_robin

Skill      XL: |  1  2 |
---------------+-------+-----
Armour         | 2 |  2.0
Axes           | 3 |  3.0
Dodging        | 2 |  2.0
Fighting       | |  3.3
Short Blades   | |  0.2

Action                     || total
---------------------------++-------
  Melee: Dagger            ||    54
         Hand axe          ||     6
         Punch             ||     1
   Stab: Sleeping          ||     1
 Armour: Leather armour    ||    19
         Animal skin       ||     2
  Dodge: Dodged            ||    34
